 Dungeon Crawl Stone Soup version 0.20.0-15-g7f486f2 (webtiles) character file.

559 greprep the Skirmisher (level 7, -8/72 HPs)
             Began as an Ogre Fire Elementalist on June 18, 2017.
             Was an Initiate of Vehumet.
             Mangled by an orc warrior
             ... wielding a +0 long sword
              (14 damage)
             ... on level 6 of the Dungeon.
             The game lasted 00:15:55 (9171 turns).

greprep the Skirmisher (Ogre Fire Elementalist)     Turns: 9171, Time: 00:15:55

Health: -8/72      AC:  3    Str: 13    XL:     7   Next: 31%
Magic:  7/12       EV: 10    Int: 18    God:    Vehumet [......]
Gold:   290        SH:  0    Dex:  9    Spells: 10/13 levels left

rFire    + . .     SeeInvis .   f - +6 war axe "Kubixien" {chop, +Inv rF+}
rCold    . . .     Gourm    .   (no shield)
rNeg     . . .     Faith    .   a - +0 robe
rPois    .         Spirit   .   (helmet restricted)
rElec    .         Reflect  .   (no cloak)
rCorr    .         Harm     .   (gloves unavailable)
MR       .....                  (boots unavailable)
Stlth    +.........             x - amulet of magic regeneration
Regen    0.3/turn               i - ring of flight
MPRegen  0.2/turn               (no ring)

@: no status effects
A: unfitting armour, tough skin 1
a: Renounce Religion, Evoke Invisibility, Evoke Flight


You were on level 6 of the Dungeon.
You worshipped Vehumet.
Vehumet was noncommittal.
You were near starving.

You visited 2 branches of the dungeon, and saw 7 of its levels.

You collected 290 gold pieces.

Inventory:

Hand Weapons
 f - the +6 war axe "Kubixien" (weapon) {chop, +Inv rF+}
   (You found it on level 5 of the Dungeon)

   It inflicts extra damage upon your enemies.
   It protects you from fire.
   It lets you turn invisible.
 m - a +2 short sword of venom
 p - a +2 hand axe of chopping
Armour
 a - a +0 robe (worn)
Jewellery
 i - a ring of flight (left hand)
 x - an amulet of magic regeneration (around neck)
Wands
 y - a wand of iceblast (9/15)
Scrolls
 e - 6 scrolls of identify {unknown}
 h - 2 scrolls of enchant armour {unknown}
 j - 2 scrolls of remove curse
 l - 4 scrolls of teleportation {unknown}
 n - a scroll of fog {unknown}
 o - 3 scrolls of amnesia {unknown}
 r - a scroll of noise {unknown}
 v - 4 scrolls of magic mapping {unknown}
 w - a scroll of immolation {unknown}
Potions
 g - 4 potions of curing {unknown}
 k - 2 potions of heal wounds {unknown}
 q - a potion of cancellation {unknown}
 u - a potion of brilliance {unknown}
 z - a potion of haste {unknown}
Books
 b - a book of Flames

   Spells                             Type                      Level
   a - Flame Tongue                   Conjuration/Fire             1
   b - Throw Flame                    Conjuration/Fire             2
   c - Conjure Flame                  Conjuration/Fire             3
   d - Inner Flame                    Hexes/Fire                   3
   e - Sticky Flame                   Conjuration/Fire             4
   f - Fireball                       Conjuration/Fire             5
Comestibles
 c - 5 bread rations
 d - 4 fruits
 s - a meat ration
 t - 2 royal jellies


   Skills:
 * Level 5.3 Fighting
 - Level 0.1 Short Blades
 + Level 2.1 Axes
 + Level 2.5 Dodging
 - Level 1.4 Stealth
 - Level 1.2 Unarmed Combat
 + Level 3.9 Spellcasting
 + Level 2.0 Conjurations
 + Level 3.6 Fire Magic


You had 10 spell levels left.
You knew the following spells:

 Your Spells              Type           Power        Failure   Level  Hunger
a - Flame Tongue          Conj/Fire      ##...        4%          1    None
b - Throw Flame           Conj/Fire      ##....       7%          2    ##.....


Dungeon Overview and Level Annotations

Branches:
Dungeon (6/15)             Temple (1/1) D:4

Altars:
Ashenzari
Cheibriados
Dithmenos
Elyvilon
Fedhas
Gozag
Hepliaklqana
Kikubaaqudgha
Makhleb
Nemelex Xobeh
Okawaru
Qazlal
Ru
Sif Muna
Trog
Uskayaw
Vehumet
Xom
Yredelemnul
Zin
The Shining One

Annotations:
D:3 Malak's ghost, amateur FoFi


Innate Abilities, Weirdness & Mutations

You are too large for most types of armour.
You have tough skin. (AC +1)


Message History

The flame tongue misses the orc warrior.
The howler monkey hoots and howls with incredible vigour!
You hit the orc warrior but do no damage.
The orc warrior is severely wounded.
The orc warrior closely misses you.
Found 16 arrows.
Casting: Flame Tongue
Confirm with . or Enter, or press ? or * to list all spells.
Aiming: Flame Tongue
Press: ? - help, Shift-Dir - straight line, f/p - orc warrior
Aim: an orc warrior, wielding a long sword and wearing a plate armour (severely wounded)
The flame tongue hits the orc warrior.
The orc warrior appears unharmed.
The orc warrior is severely wounded.
The orc warrior hits you with a long sword!
* * * LOW HITPOINT WARNING * * *
The howler monkey hoots and howls with incredible vigour!
You are near starving!
You see here 16 arrows.
The orc warrior hits you with a long sword!
You die...

##################
#.h(.o.o.....O....
#o################
#@# #.## #..# ##.#
#.# #.# ##.##
###...######
#...#......#


You could see an orc warrior and a howler monkey.

Vanquished Creatures
  2 ogres
  A crimson imp (D:6)
  A hound (D:6)
  An orc wizard (D:4)
  An iguana (D:4)
  A worker ant (D:4)
  10 adders
  3 oozes
  An adder skeleton (D:6)
  3 worms (D:2)
  A dart slug (D:3)
  7 leopard geckos
  14 orcs
  A ball python (D:2)
  6 giant cockroaches
  13 goblins
  8 hobgoblins
  6 jackals
  2 quokkas
  7 bats
  6 frilled lizards
  12 kobolds
  11 rats
118 creatures vanquished.

Notes
Turn   | Place    | Note
-------+----------+-------------------------------------------
     0 | D:1      | greprep the Ogre Fire Elementalist began the quest for the Orb.
     0 | D:1      | Reached XP level 1. HP: 16/16 MP: 3/3
   363 | D:1      | Reached XP level 2. HP: 23/26 MP: 3/5
   365 | D:1      | Reached skill level 1 in Fighting
   964 | D:1      | Reached skill level 1 in Conjurations
  1231 | D:1      | Reached XP level 3. HP: 33/33 MP: 5/7
  1901 | D:2      | Reached skill level 1 in Unarmed Combat
  1928 | D:2      | Reached skill level 2 in Fighting
  1944 | D:2      | Reached XP level 4. HP: 19/42 MP: 1/8
  3106 | D:3      | Noticed Malak's ghost (amateur FoFi)
  3516 | D:3      | Reached XP level 5. HP: 51/52 MP: 9/9
  4501 | D:3      | Reached skill level 3 in Fighting
  5210 | D:2      | Learned a level 2 spell: Throw Flame
  6546 | D:4      | Found a staircase to the Ecumenical Temple.
  6873 | Temple   | Entered the Ecumenical Temple
  6978 | Temple   | Became a worshipper of Vehumet
  7060 | D:4      | Reached XP level 6. HP: 55/62 MP: 11/11
  7157 | D:4      | Reached skill level 4 in Fighting
  7157 | D:4      | Reached skill level 1 in Axes
  7781 | D:4      | Found an iron altar of Okawaru.
  8181 | D:5      | Entered Level 5 of the Dungeon
  8520 | D:5      | Reached skill level 5 in Fighting
  8522 | D:5      | Got a slimy war axe
  8523 | D:5      | Identified the +6 war axe "Kubixien" {chop, +Inv rF+} (You found it on level 5 of the Dungeon)
  8824 | D:6      | Reached XP level 7. HP: 72/72 MP: 0/12
  9171 | D:6      | Mangled by an orc warrior

Skill      XL: |  1  2  3  4  5  6  7 |
---------------+----------------------+-----
Fighting       | 1 2 3 5 |  5.3
Fire Magic     | 3 |  3.6
Conjurations   | 1 2 |  2.0
Spellcasting   | 3 |  3.9
Dodging        | 2 |  2.5
Unarmed Combat | 1 |  1.2
Axes           | 1 2 |  2.1
Short Blades   | |  0.1
Stealth        | |  1.4

Action                   |  1- 3 |  4- 6 |  7- 9 || total
-------------------------+-------+-------+-------++-------
Melee: Unarmed           |   109 |    22 |       ||   131
       Short sword       |       |    31 |       ||    31
       Hand axe          |       |   115 |       ||   115
       War axe           |       |     5 |    23 ||    28
 Cast: Flame Tongue      |    39 |    74 |     2 ||   115
       Throw Flame       |       |    24 |     7 ||    31
  Use: Scroll            |       |     1 |       ||     1
 Stab: Sleeping          |       |     3 |       ||     3
  Eat: Chunk             |     3 |    15 |       ||    18
       Fruit             |       |     3 |       ||     3
       Meat ration       |       |     1 |       ||     1
Armor: Robe              |    52 |    46 |     5 ||   103
Dodge: Dodged            |    71 |   116 |    16 ||   203
